 Dungeon Crawl Stone Soup version 0.18-a0-1435-gee79d65 (webtiles) character file.

4354 Foomius the Grave Robber (level 10, -11/77 HPs)
             Began as a Demonspawn Necromancer on Feb 28, 2016.
             Was a High Priest of Okawaru.
             Killed from afar by an efreet (21 damage)
             ... with a bolt of fire
             ... on level 2 of the Abyss.
             The game lasted 00:47:01 (9183 turns).

Foomius the Grave Robber (Demonspawn Necromancer)   Turns: 9183, Time: 00:47:01

Health: -11/77     AC: 10    Str:  8    XL:     10   Next: 12%
Magic:  0/19       EV: 11    Int: 19    God:    Okawaru [*****.]
Gold:   219        SH:  0    Dex: 21    Spells: 6 memorised, 9 levels left

rFire  . . .     SeeInvis .     a - +8 mace of Enin {flame, +Blink rPois rN+ Dex+6}
rCold  . . .     Gourm    .     v - +0 ring mail
rNeg   + . .     Faith    .     (no shield)
rPois  +         Spirit   +     (no helmet)
rElec  .         Dismiss  .     K - +0 cloak
rCorr  .         Reflect  .     (no gloves)
SustAt .         Harm     .     (no boots)
MR     .....                    (no amulet)
Stlth  ++........               (no ring)
                                (no ring)

@: about to teleport, very slightly contaminated, not resistant to hostile
enchantments, unstealthy
A: molten scales 2, demonic guardian 1, magic shield, magic regeneration
a: Heroism, Finesse, Renounce Religion, Evoke Blink


You were on level 2 of the Abyss.
You worshipped Okawaru.
Okawaru was extremely pleased with you.
You were very hungry.

You visited 2 branches of the dungeon, and saw 9 of its levels.
You visited the Abyss 1 time.

You collected 318 gold pieces.
You spent 99 gold pieces at shops.

Inventory:

Hand Weapons
 a - the +8 mace of Enin (weapon) {flame, +Blink rPois rN+ Dex+6}
   (You took it off a wight on level 6 of the Dungeon)

   It has been specially enchanted to burn those struck by it, causing extra
   injury to most foes and up to half again as much damage against particularly
   susceptible opponents.
   It affects your dexterity (+6).
   It protects you from poison.
   It protects you from negative energy.
   It lets you blink.
 b - a +0 dagger of venom
 e - a +2 mace of protection
 n - a +4 flail of crushing
 q - a +0 flail of protection
Missiles
 d - 232 stones (quivered)
 m - a throwing net
 w - 8 tomahawks
 E - 5 exploding tomahawks
Armour
 v - a +0 ring mail (worn)
 F - the +1 robe of Distant Worlds {rF+++ Str-3}
   (You found it on level 5 of the Dungeon)

   It affects your strength (-3).
   It renders you almost immune to fire.
 K - a +0 cloak (worn)
Magical Staves
 G - an uncursed staff of earth
 R - an uncursed staff of cold
Jewellery
 N - an uncursed amulet of regeneration {unknown}
Wands
 o - a wand of lightning (0/15)
 O - a wand of random effects (32/48)
Scrolls
 g - 2 scrolls of noise {unknown}
 h - 3 scrolls of blinking {unknown}
 i - 3 scrolls of fear {unknown}
 k - 2 scrolls of immolation
 p - a scroll of brand weapon {unknown}
 s - 5 scrolls of remove curse
 u - 2 scrolls of teleportation
 y - a scroll of amnesia {unknown}
 P - 2 scrolls of identify
 S - a scroll of enchant weapon {unknown}
Potions
 f - 3 potions of lignification
 l - 2 potions of invisibility
 r - a potion of flight
 x - a potion of cancellation
 A - a potion of haste
 D - 2 potions of heal wounds
 I - a potion of curing
 J - a potion of berserk rage {unknown}
 M - a potion of might
 Q - a potion of agility
Books
 t - a book of Necromancy

   Spells                             Type                      Level
   a - Pain                           Necromancy                   1
   b - Animate Skeleton               Necromancy                   1
   c - Vampiric Draining              Necromancy                   3
   d - Regeneration                   Charms/Necromancy            3
   e - Animate Dead                   Necromancy                   4
   f - Control Undead                 Necromancy                   4
 C - a book of Beasts

   Spells                             Type                      Level
   a - Summon Butterflies             Summoning                    1
   b - Call Canine Familiar           Summoning                    3
   c - Summon Ice Beast               Ice/Summoning                4
   d - Summon Mana Viper              Hexes/Summoning              5
   e - Summon Hydra                   Summoning                    7
 H - a book of Callings

   Spells                             Type                      Level
   a - Summon Small Mammal            Summoning                    1
   b - Call Imp                       Summoning                    2
   c - Call Canine Familiar           Summoning                    3
   d - Summon Guardian Golem          Hexes/Summoning              3
   e - Summon Lightning Spire         Summoning/Air                4
   f - Summon Ice Beast               Ice/Summoning                4
Comestibles
 c - 6 bread rations
 j - a royal jelly
 z - 2 meat rations
 B - 8 slices of pizza
 L - 4 beef jerkies


   Skills:
 - Level 6.7 Fighting
 + Level 4.4 Maces & Flails
 - Level 4.0 Armour
 - Level 4.0 Dodging
 - Level 1.7 Stealth
 - Level 6.5 Spellcasting
 - Level 2.0 Charms
 + Level 3.8 Summonings
 + Level 7.7 Necromancy
 - Level 1.3 Invocations
 - Level 1.1 Evocations


You had 9 spell levels left.
You knew the following spells:

 Your Spells              Type           Power        Failure   Level  Hunger
a - Pain                  Necr           ####         1%          1    None
b - Animate Skeleton      Necr           N/A          1%          1    None
c - Control Undead        Necr           #####.....   14%         4    ####...
g - Regeneration          Chrm/Necr      ###.......   12%         3    ##.....
u - Summon Butterflies    Summ           ###.....     10%         1    None
v - Vampiric Draining     Necr           #####.....   4%          3    ##.....


Dungeon Overview and Level Annotations

Branches:
Dungeon (8/15)             Temple (1/1) D:7
   Lair: D:8-11

Altars:
Ashenzari
Cheibriados
Dithmenos
Elyvilon
Fedhas
Gozag
Kikubaaqudgha
Makhleb
Nemelex Xobeh
Okawaru
Pakellas
Qazlal
Ru
Sif Muna
Trog
Vehumet
Xom
Yredelemnul
Zin
The Shining One

Shops:
D:5 !%((

Annotations:
D:8 Erolcha, Prince Ribbit


Innate Abilities, Weirdness & Mutations

You are mostly covered in molten scales (AC +3, EV -1).
A weak demonic guardian rushes to your aid.
When hurt, damage is shared between your health and your magic reserves.
You regenerate magic rapidly.


Message History

The orange demon stings you from afar.
The tentacled monstrosity tentacle-slaps your quasit!
The tentacled monstrosity tentacle-slaps your quasit.
Your quasit dies!
The efreet hits you with a scimitar of flaming.
The efreet burns you.
You feel sick. The efreet gestures at you.
The fireball explodes!
The fireball engulfs you!
* * * LOW HITPOINT WARNING * * *
Drink which item? (? for menu, Esc to quit)
You feel better. The efreet gestures at you.
The fireball explodes!
The fireball engulfs you!
* * * LOW HITPOINT WARNING * * *
The efreet gestures at you. The bolt of fire hits your iron imp.
Your iron imp completely resists.
The bolt of fire hits you!
You die...

. #
######..##X..#
. .
....#...4[..# .
.. .. #.
.5.....## .
####.
#.#4#...## #.
#X##. #
#####.##..#
#..§R..# ...
#....5.# ##..
#.....@# .##
#.............
.........##....
.##........ ..
###'####.# §.
.# §#. .# ##


You could see a tentacled monstrosity, an orange demon, an efreet and 2 friendly
iron imps.

Vanquished Creatures
  The ghost of EnragedOxygen the Basher, a novice MiBe of Trog (D:8)
  A yak (D:7)
  A human (D:7)
  Menkaure (D:6)
  Edmund (D:5)
  Duvessa (D:6)
  4 orc warriors
  A sky beast (D:5)
  2 phantoms
  A black bear (D:7)
  A necrophage (D:8)
  A centaur (D:3)
  2 giant frogs
  Dowan (D:6)
  5 scorpions
  2 water moccasin skeletons
  4 killer bees (D:8)
  6 wights
  4 howler monkeys
  3 crimson imps (D:7)
  3 hounds
  4 orc priests
  A centaur skeleton (D:7)
  A giant frog zombie (D:7)
  6 orc wizards
  Crazy Yiuf (D:6)
  A giant frog skeleton (D:5)
  Jessica (D:3)
  4 iguanas
  3 worker ants
  3 sheep (D:7)
  A hound zombie (D:7)
  A hound skeleton (D:5)
  2 worker ant zombies
  A howler monkey zombie (D:5)
  6 gnolls
  8 adders
  3 oozes
  2 adder zombies (D:5)
  2 adder skeletons
  2 worms (D:2)
  2 dart slugs (D:2)
  5 giant geckos
  26 orcs
  7 bats
  8 giant cockroaches
  11 goblins
  6 hobgoblins
  9 jackals
  5 kobolds
  4 quokkas
  2 giant gecko skeletons
  5 giant newts
  A jackal skeleton (D:5)
  A jackal zombie (D:7)
  10 rats
  2 butterflies (D:7)
203 creatures vanquished.

Vanquished Creatures (collateral kills)
  A wight (D:7)
  A jelly (D:5)
  An orc wizard (D:6)
  An adder (D:3)
  A gnoll (D:6)
  An orc (D:8)
  A hobgoblin (D:1)
  A jackal (D:6)
  A quokka (D:6)
  A goblin (D:3)
  A butterfly (D:7)
11 creatures vanquished.

Vanquished Creatures (others)
  2 starspawn tentacles (Abyss:2)
  69 starspawn tentacle segments (Abyss:2)
71 creatures vanquished.

Grand Total: 285 creatures vanquished

Notes
Turn   | Place    | Note
--------------------------------------------------------------
     0 | D:1      | Foomius the Demonspawn Necromancer began the quest for the Orb.
     0 | D:1      | Reached XP level 1. HP: 13/13 MP: 3/3
   166 | D:1      | Reached skill level 1 in Fighting
   368 | D:1      | Gained mutation: When hurt, damage is shared between your health and your magic reserves. [demonic ancestry]
   368 | D:1      | Reached XP level 2. HP: 17/22 MP: 0/5
   986 | D:1      | Learned a level 1 spell: Animate Skeleton
  1110 | D:1      | Reached XP level 3. HP: 27/27 MP: 6/6
  1124 | D:1      | Learned a level 3 spell: Vampiric Draining
  1531 | D:2      | Reached skill level 5 in Necromancy
  1558 | D:2      | Gained mutation: You are partially covered in molten scales (AC +1). [demonic ancestry]
  1558 | D:2      | Reached XP level 4. HP: 22/33 MP: 1/8
  1622 | D:2      | Found an iron altar of Okawaru.
  1630 | D:2      | Became a worshipper of Warmaster Okawaru
  1643 | D:2      | Learned a level 3 spell: Regeneration
  1891 | D:2      | Found a blossoming altar of Fedhas.
  2168 | D:3      | Found a stormy altar of Qazlal.
  2342 | D:3      | Reached skill level 1 in Charms
  2342 | D:3      | Reached XP level 5. HP: 28/39 MP: 5/9
  2709 | D:3      | Noticed a centaur
  2719 | D:3      | Killed a centaur
  3045 | D:2      | Reached skill level 6 in Necromancy
  3045 | D:2      | Reached XP level 6. HP: 41/47 MP: 5/10
  3196 | D:3      | Noticed Jessica
  3200 | D:3      | Killed Jessica
  3200 | D:3      | Reached * piety under Okawaru
  3214 | D:3      | Identified Jessica's Catalogue of Bewitchment
  3622 | D:4      | Learned a level 1 spell: Summon Butterflies
  3832 | D:4      | Reached skill level 1 in Invocations
  4256 | D:5      | Entered Level 5 of the Dungeon
  4281 | D:5      | Found Lahuulah's Distillery.
  4281 | D:5      | Noticed Edmund
  4304 | D:5      | Killed Edmund
  4304 | D:5      | Reached skill level 1 in Summonings
  4304 | D:5      | Gained mutation: You are mostly covered in molten scales (AC +3, EV -1). [demonic ancestry]
  4304 | D:5      | Reached XP level 7. HP: 24/54 MP: 0/11
  4533 | D:5      | Bought a potion of invisibility for 88 gold pieces
  4533 | D:5      | Bought a potion of degeneration for 11 gold pieces
  4556 | D:5      | Reached ** piety under Okawaru
  5150 | D:5      | Found Lisaijod's Antique Weapon Boutique.
  5180 | D:5      | Reached skill level 5 in Fighting
  5292 | D:5      | Found Souxosk's Weapon Boutique.
  5347 | D:5      | Found a deep blue altar of Sif Muna.
  5350 | D:5      | Found a basalt altar of Yredelemnul.
  5353 | D:5      | Found a shattered altar of Ashenzari.
  5370 | D:5      | Found Nimei's Food Boutique.
  5458 | D:5      | Got a dull robe
  5459 | D:5      | Identified the +1 robe of Distant Worlds {rF+++ Str-3} (You found it on level 5 of the Dungeon)
  5466 | D:5      | Found a deep blue altar of Sif Muna.
  5493 | D:5      | Gained mutation: You regenerate magic rapidly. [demonic ancestry]
  5493 | D:5      | Reached XP level 8. HP: 59/62 MP: 9/13
  5660 | D:6      | Reached skill level 1 in Armour
  5696 | D:6      | Noticed Menkaure
  5709 | D:6      | Killed Menkaure
  5709 | D:6      | Reached *** piety under Okawaru
  5794 | D:6      | Noticed Duvessa
  6110 | D:6      | Reached skill level 5 in Spellcasting
  6241 | D:6      | Killed Duvessa
  6266 | D:6      | Noticed Dowan
  6272 | D:6      | Killed Dowan
  6438 | D:6      | Reached XP level 9. HP: 55/71 MP: 12/16
  6785 | D:6      | Learned a level 4 spell: Control Undead
  6867 | D:6      | Noticed Crazy Yiuf
  6872 | D:6      | Killed Crazy Yiuf
  6956 | D:6      | Got a pitted mace {flame}
  6957 | D:6      | Identified the +8 mace of Enin {flame, +Blink rPois rN+ Dex+6} (You took it off a wight on level 6 of the Dungeon)
  7030 | D:6      | Reached skill level 1 in Maces & Flails
  7107 | D:7      | Reached **** piety under Okawaru
  7142 | D:7      | Reached skill level 1 in Evocations
  7207 | D:7      | Found a burning altar of Makhleb.
  7351 | D:7      | Found an oddly glowing altar of Pakellas.
  7513 | D:7      | Found a staircase to the Ecumenical Temple.
  7526 | Temple   | Entered the Ecumenical Temple
  8086 | D:8      | Noticed EnragedOxygen's ghost (novice MiBe)
  8334 | D:8      | Killed EnragedOxygen's ghost
  8334 | D:8      | Reached skill level 7 in Necromancy
  8377 | D:7      | Reached ***** piety under Okawaru
  8382 | D:7      | Gained mutation: A weak demonic guardian rushes to your aid. [demonic ancestry]
  8382 | D:7      | Reached XP level 10. HP: 50/77 MP: 11/19
  8709 | D:8      | Noticed Prince Ribbit
  8870 | D:8      | Found a snail-covered altar of Cheibriados.
  8941 | D:8      | Noticed Erolcha
  8948 | D:8      | Cast into level 2 of the Abyss (Erolcha)
  9039 | Abyss:2  | Noticed a thrashing horror
  9049 | Abyss:2  | Noticed a tentacled starspawn
  9058 | Abyss:2  | Noticed a salamander
  9130 | Abyss:2  | Noticed a tentacled monstrosity
  9160 | Abyss:2  | Noticed an orange demon
  9183 | Abyss:2  | Killed from afar by an efreet

Vault maps used:
D:1:      wheals_arrival_linesprint
D:2:      minmay_door_path, old_standard_altar, okawaru_trees_1
D:3:      nicolae_overflow_crystal_walls, kennysheep_jessica_study
D:4:      first_bread
D:5:      grunt_temple_overflow_diamond, basic_altar, serial_shops, shop,
          kennysheep_mini_moat, shop_statue, shop, uniq_edmund
D:6:      uniq_duvessa, uniq_crazy_yiuf_cottage, uniq_menkaure
D:7:      lemuel_doored_altar, minmay_temple_entry_butterflies, serial_curves,
          eino_curves_03, eino_curves_03, grunt_livestock, grunt_pakellas_basics
D:8:      kennysheep_little_box, uniq_erolcha, uniq_prince_ribbit1
Temple:   circular_temple_12

Skill      XL: |  1  2  3  4  5  6  7  8  9 |
---------------+----------------------------+-----
Fighting       | 1 2 3 4 5 6 |  6.7
Necromancy     | 5 6 7 |  7.7
Charms         | 1 2 |  2.0
Dodging        | 3 4 |  4.0
Invocations    | 1 |  1.3
Summonings     | 1 2 3 |  3.8
Spellcasting   | 3 5 6 |  6.5
Armour         | 3 4 |  4.0
Maces & Flails | 4 |  4.4
Evocations     | 1 |  1.1
Stealth        | |  1.7

Action                   |  1- 3 |  4- 6 |  7- 9 | 10-12 || total
-------------------------+-------+-------+-------+-------++-------
Melee: Club              |     4 |       |       |       ||     4
       Short sword       |    17 |       |       |       ||    17
       Dagger            |     9 |    97 |    29 |       ||   135
       Mace              |       |     1 |   109 |    38 ||   148
       Flail             |       |    29 |   132 |       ||   161
Throw: Stone             |     2 |    16 |    32 |     2 ||    52
 Cast: Pain              |    59 |    49 |    83 |    17 ||   208
       Animate Skeleton  |     2 |    21 |    20 |     4 ||    47
       Regeneration      |       |     3 |     8 |     5 ||    16
       Vampiric Draining |       |     5 |    18 |     6 ||    29
Invok: Heroism           |       |       |     5 |       ||     5
Evoke: Wand              |       |       |    15 |       ||    15
  Use: Scroll            |       |       |    10 |     2 ||    12
       Potion            |       |       |     1 |     1 ||     2
 Stab: Sleeping          |     1 |     4 |     2 |       ||     7
       Distracted        |       |       |     2 |       ||     2
  Eat: Chunk             |     3 |     9 |    16 |     2 ||    30
